 Dungeon Crawl Stone Soup version 0.17-a0-1567-gdd419b1 (webtiles) character file.

134640 Chiseanne the Champion of Chaos (level 16, -3/134 HPs)
             Began as a Demonspawn Wanderer on July 22, 2015.
             Was the Champion of Makhleb.
             Slain by an Executioner (7 damage)
             ... summoned by the player character
             ... on level 4 of the Shoals.
             The game lasted 02:21:41 (28924 turns).

Chiseanne the Champion of Chaos (DsWn)             Turns: 28924, Time: 02:21:41

Health: -3/134     AC: 19    Str: 20    XL:     16   Next: 62%
Magic:  28/28      EV: 16    Int: 16    God:    Makhleb [******]
Gold:   1078       SH: 25    Dex: 28    Spells: 1 memorised, 17 levels left

rFire  + . .     SeeInvis .     s - +6 morningstar "Jihuoloy" {crush, Str+2}
rCold  + . .     Clarity  .     m - +1 scale mail of Oghateq {rF+ Int+2}
rNeg   . . .     SustAt   .     k - +4 large shield
rPois  .         Gourm    .     C - +2 hat
rElec  .         Spirit   .     q - +3 cloak of the Vacuum {MR+}
rCorr  .         Warding  .     o - +2 pair of gloves
rMut   .         Stasis   .     Q - +0 pair of boots
MR     ++...                    T - amulet of regeneration
Stlth  +++.......               r - +3 ring of slaying
                                J - ring of protection from cold

@: mighty, agile, about to teleport, very resistant to hostile enchantments,
fairly stealthy
A: talons 2, thin skeletal structure 2, powered by death 1, powered by pain 2
a: Minor Destruction, Lesser Servant of Makhleb, Major Destruction, Greater
Servant of Makhleb, Renounce Religion


You were on level 4 of the Shoals.
You worshipped Makhleb.
Makhleb was exalted by your worship.
You were very hungry.

You visited 4 branches of the dungeon, and saw 31 of its levels.
You also visited: Ice Cave.

You collected 3076 gold pieces.
You spent 1998 gold pieces at shops.

Inventory:

Hand weapons
 a - a +1 broad axe of venom
 e - a +0 hand crossbow
 s - the +6 morningstar "Jihuoloy" (weapon) {crush, Str+2}
   (You found it on level 11 of the Dungeon)

   It inflicts extra damage upon your enemies.
   It affects your strength (+2).
 w - a +0 blowgun
Missiles
 b - a curare-tipped needle
 l - 3 throwing nets (quivered)
 t - 70 poisoned needles
 u - 128 bolts
 D - 8 poisoned bolts
 S - 30 bolts of frost
Armour
 k - a +4 large shield (worn)
 m - the +1 scale mail of Oghateq (worn) {rF+ Int+2}
   (You bought it in a shop on level 4 of the Orcish Mines)

   It affects your intelligence (+2).
   It protects you from fire.
 o - a +2 pair of gloves (worn)
 q - the +3 cloak of the Vacuum (worn) {MR+}
   (You bought it in a shop on level 9 of the Dungeon)

   It affects your resistance to hostile enchantments.
 C - a +2 hat (worn)
 Q - a +0 pair of boots (worn)
Jewellery
 c - an uncursed ring of stealth {unknown}
 r - a +3 ring of slaying (right hand)
 y - an uncursed ring of see invisible
 J - a ring of protection from cold (left hand)
 L - an uncursed ring of poison resistance
 T - an amulet of regeneration (around neck)
Magical devices
 d - a wand of frost (8)
 B - a wand of digging (14)
 M - a wand of heal wounds (5)
Scrolls
 g - 7 scrolls of remove curse
 i - a scroll of recharging
 z - 4 scrolls of identify
 G - 4 scrolls of immolation
 H - 7 scrolls of teleportation
 I - 3 scrolls of magic mapping
 U - a scroll of fear
Potions
 h - a potion of heal wounds
 n - 2 potions of curing
 v - 6 potions of flight
 x - a potion of haste
 A - 3 potions of invisibility
 F - 2 potions of resistance
 K - 5 potions of might
 P - a potion of cancellation
Miscellaneous
 E - a stone of tremors
Comestibles
 f - 14 bread rations
 j - 10 meat rations
 p - 4 chunks of flesh


   Skills:
 + Level 14.7 Fighting
 + Level 7.7(9.9) Axes
 - Level 9.8(10.9) Maces & Flails
   Level 1.0(6.2) Staves
 - Level 6.7 Armour
 - Level 3.7 Dodging
 - Level 1.6 Stealth
 * Level 14.6 Shields
 - Level 1.9 Spellcasting
   Level 1.7 Translocations
 - Level 0.8 Ice Magic
 * Level 17.1 Invocations
 - Level 1.0 Evocations


You had 17 spell levels left.
You knew the following spells:

 Your Spells              Type           Power        Failure   Level  Hunger
a - Freeze                Ice            #...         98%         1    #......


Dungeon Overview and Level Annotations

Branches:
Dungeon (15/15)            Temple (0/1) D:5            Lair (8/8) D:8
 Shoals (4/4) Lair:4        Snake (0/4) Lair:4        Slime (0/6) Lair:7
    Orc (4/4) D:9             Elf (0/3) Orc:4        Vaults (0/5) D:13
 Depths (0/5) D:15

Altars:
Ashenzari
Cheibriados
Fedhas
Kikubaaqudgha
Makhleb
Okawaru
Qazlal
Trog
The Shining One
Beogh

Shops:
D:4 }   D:9 [   D:11 !   D:13 *   D:14 %   D:15 *   Orc:4 [([%   Shoals:2 [

Portals:
Trove: D:12 (give 11 potions of heal wounds)

Annotations:
Shoals:1 exclusion: downstairs
Shoals:4 Jorgrun; trantor's ghost, mighty HESk
Orc:2 exclusion: 2 upstairs
Orc:3 exclusion: 2 upstairs


Innate Abilities, Weirdness & Mutations

You have razor-sharp toenails.
You have a moderately thin skeletal structure (Dex +4, Stealth+).
You regenerate a little health from kills.
You sometimes gain power by taking damage.


Message History

You block the Executioner's attack. x3
Read which item? (? for menu, Esc to quit)
As you read the scroll of teleportation, it crumbles to dust.
You feel strangely unstable.
The Executioner gestures.
The Executioner seems to speed up.
You block Jorgrun's attack. You block trantor's ghost's attack.
The Executioner closely misses you. The Executioner hits you.
* * * LOW HITPOINT WARNING * * *
The Executioner hits you but does no damage.
You hit Jorgrun but do no damage.
Jorgrun is almost dead.
The Executioner hits you!!
* * * LOW HITPOINT WARNING * * *
You focus on the pain.
You feel very mighty all of a sudden. You block the Executioner's attack.
The Executioner hits you but does no damage.
The Executioner hits you!
You die...

≈≈≈≈≈≈....≈≈≈≈≈
≈≈≈..≈≈≈≈≈≈≈≈≈≈≈≈≈≈
≈.≈≈≈≈≈≈≈≈≈≈≈≈≈≈≈≈≈
≈≈≈≈≈≈≈≈≈≈≈≈≈≈≈≈≈≈≈
≈≈≈≈≈≈≈..<.≈≈≈≈≈≈≈≈
≈≈≈≈≈≈≈<#..≈≈..≈≈≈≈
≈≈≈≈≈.≈....≈....≈≈≈
≈≈≈≈≈≈≈≈≈≈1.2.%.≈≈≈
..≈≈≈≈≈≈≈≈g@###
≈..≈..≈≈≈≈W##
≈....?.≈≈†##
≈..#.......#
..####...### ..
...... .........
.........k
.....≈$.≈≈≈


You could see Jorgrun, a green death, an Executioner and trantor's ghost.

Vanquished Creatures
  Polyphemus (Shoals:2)
  Gastronok (D:9)
  An orc warlord (Orc:4)
  Nessos (Orc:3)
  A dire elephant (Lair:8)
  A white draconian (IceCv)
  Snorg (D:15)
  A merfolk javelineer (Shoals:2)
  An ettin (D:15)
  A merfolk impaler (Shoals:2)
  Josephine (D:15)
  2 ogre magi
  Fannar (Lair:2)
  Harold (Lair:1)
  8 hydras
  Erolcha (Orc:2)
  4 centaur warriors
  A satyr (Shoals:3)
  Erica (D:8)
  4 catoblepae
  12 death yaks
  A deep troll shaman (Lair:8)
  A tengu warrior (D:15)
  Urug (Lair:2)
  2 orc high priests (Orc:4)
  Sonja (D:12)
  Nergalle (Lair:1)
  5 skeletal warriors (D:15)
  5 sea snakes
  2 unseen horrors
  A deep troll (D:15)
  An ice statue (IceCv)
  Pikel (D:8)
  10 hill giants
  3 orc knights
  7 manticores
  A harpy (Shoals:1)
  A necromancer (D:13)
  6 ugly things
  4 cyclopes
  3 oklob plants (Lair:7)
  7 fauns
  8 griffons
  18 elephants
  4 sirens (Shoals:1)
  A black mamba (Lair:7)
  Joseph (Lair:1)
  12 spiny frogs
  4 gargoyles
  A centaur zombie (D:15)
  4 kobold demonologists
  4 fire drakes
  7 centaur skeletons
  An efreet (D:15)
  4 komodo dragons
  4 trolls
  A freezing wraith (D:15)
  A queen bee (Lair:2)
  A harpy zombie (D:14)
  16 polar bears
  13 merfolk
  2 two-headed ogres
  Grinder (D:3)
  A wind drake (Shoals:4)
  6 slime creatures (D:14)
  A deep elf mage (D:11)
  23 blink frogs
  3 snapping turtles
  Sigmund (D:3)
  3 spriggans
  A vampire (D:15)
  A water elemental (Shoals:1)
  5 hippogriffs
  7 wraiths
  38 yaks
  A shadow (D:11)
  8 basilisks
  A hungry ghost (D:14)
  A warg (Orc:1)
  Grum (D:10)
  4 wyverns
  A basilisk (shapeshifter) (D:14)
  A steam dragon (D:13)
  43 wolves
  3 vampire mosquitoes (D:15)
  A mottled dragon (D:12)
  13 water moccasins
  7 porcupines
  A slave (D:8)
  38 orc warriors
  4 black bears
  5 sky beasts
  A wasp (D:8)
  2 phantoms
  21 ogres
  2 necrophages
  11 centaurs
  5 big kobolds
  16 giant frogs
  10 crocodiles
  2 brain worms
  2 earth elementals (D:13)
  2 wyvern skeletons
  3 scorpions
  29 killer bees
  10 wights
  4 jellies
  4 crimson imps
  5 hounds
  A giant frog zombie (D:10)
  41 orc wizards
  7 iguanas
  38 orc priests
  A giant frog skeleton (D:10)
  A gnoll shaman (D:7)
  14 worker ants
  Terence (D:3)
  Natasha (D:3)
  32 sheep
  4 hound zombies
  11 adders
  A worker ant zombie (D:11)
  8 gnolls
  77 river rats
  A shadow imp (D:6)
  An ooze (D:1)
  An adder skeleton (D:8)
  3 worms
  5 giant geckos
  195 orcs
  3 bat skeletons
  A bat zombie (D:8)
  A giant cockroach (D:6)
  26 goblins
  17 hobgoblins
  28 kobolds
  4 quokkas
  12 bats
  A giant gecko skeleton (D:7)
  A giant gecko zombie (D:5)
  5 giant newts
  11 jackals
  21 rats
  3 bushes (Lair:4)
  15 fungi
  22 plants
1185 creatures vanquished.

Vanquished Creatures (collateral kills)
  Saint Roka (Orc:4)
  An orc high priest (Orc:4)
  2 oklob plants (Lair:7)
  An orc sorcerer (Orc:4)
  A warg (Orc:4)
  4 orc warriors (Orc:4)
  3 orc wizards (Orc:4)
  23 orcs (Orc:4)
36 creatures vanquished.

Vanquished Creatures (others)
  A shadow (D:15)
  A yak (IceCv)
  A wolf (IceCv)
  A hippogriff (Lair:7)
  A sheep (Lair:7)
  10 fungi
  11 plants
  8 tentacles (Shoals:2)
  703 tentacle segments (Shoals:2)
737 creatures vanquished.

Grand Total: 1958 creatures vanquished

Notes
Turn   | Place    | Note
--------------------------------------------------------------
     0 | D:1      | Chiseanne the Demonspawn Wanderer began the quest for the Orb.
     0 | D:1      | Chiseanne set off with: a +0 shield, a potion of lignification, the Compendium of the Glacier, a +0 robe, a +0 dagger, a bread ration
     0 | D:1      | Reached XP level 1. HP: 16/16 MP: 2/2
     1 | D:1      | Identified the Compendium of the Glacier
     3 | D:1      | Learned a level 1 spell: Freeze
   463 | D:1      | Gained mutation: You have a somewhat thin skeletal structure (Dex +2, Stealth). [demonic ancestry]
   463 | D:1      | Reached XP level 2. HP: 16/22 MP: 4/4
  1106 | D:1      | Gained mutation: You sometimes gain a little power by taking damage. [demonic ancestry]
  1106 | D:1      | Reached XP level 3. HP: 25/27 MP: 5/5
  2770 | D:2      | Reached XP level 4. HP: 32/34 MP: 6/6
  3489 | D:3      | Reached skill level 3 in Fighting
  3489 | D:3      | Gained mutation: You regenerate a little health from kills. [demonic ancestry]
  3489 | D:3      | Reached XP level 5. HP: 11/41 MP: 7/7
  3624 | D:3      | Noticed Grinder
  3794 | D:3      | Found an iron altar of Okawaru.
  3833 | D:3      | Noticed Sigmund
  3844 | D:3      | Killed Sigmund
  3844 | D:3      | Reached skill level 1 in Axes
  3844 | D:3      | Reached skill level 1 in Armour
  3844 | D:3      | Gained mutation: You sometimes gain power by taking damage. [demonic ancestry]
  3844 | D:3      | Reached XP level 6. HP: 43/48 MP: 8/8
  3866 | D:3      | Reached skill level 4 in Fighting
  3969 | D:3      | Reached XP level 7. HP: 41/54 MP: 9/9
  4032 | D:3      | Noticed Terence
  4045 | D:3      | Killed Terence
  4079 | D:3      | Noticed Natasha
  4088 | D:3      | Killed Natasha
  4091 | D:3      | Paralysed by Grinder for 7 turns
  4113 | D:3      | Paralysed by Grinder for 7 turns
  4121 | D:3      | Killed Grinder
  4314 | D:3      | Found a burning altar of Makhleb.
  4314 | D:3      | Found a bloodstained altar of Trog.
  4325 | D:3      | Became a worshipper of Makhleb the Destroyer
  4508 | D:4      | Reached skill level 5 in Fighting
  4626 | D:4      | Found Uludug's Gadget Shop.
  4649 | D:4      | Found a stormy altar of Qazlal.
  4678 | D:4      | Found a snail-covered altar of Cheibriados.
  5038 | D:4      | Reached XP level 8. HP: 29/63 MP: 10/10
  5228 | D:5      | Entered Level 5 of the Dungeon
  5249 | D:5      | Acquired Makhleb's first power
  5516 | D:5      | Reached skill level 6 in Fighting
  5589 | D:5      | Found a glowing golden altar of the Shining One.
  5836 | D:5      | Reached skill level 5 in Shields
  5913 | D:5      | Found a staircase to the Ecumenical Temple.
  6616 | D:7      | Got a bronze ring mail
  6636 | D:7      | Identified the cursed +0 ring mail of the Enchanted Forest {*Corrode rF++ rC+ rCorr} (You found it on level 7 of the Dungeon)
  6885 | D:7      | Acquired Makhleb's second power
  7067 | D:7      | Found a shattered altar of Ashenzari.
  7526 | D:8      | Gained mutation: You have a moderately thin skeletal structure (Dex +4, Stealth+). [demonic ancestry]
  7526 | D:8      | Reached XP level 9. HP: 49/71 MP: 11/11
  7569 | D:8      | Reached skill level 7 in Fighting
  7599 | D:8      | Acquired Makhleb's third power
  7834 | D:8      | Reached skill level 8 in Fighting
  7921 | D:8      | Acquired Makhleb's fourth power
  7996 | D:8      | Found a staircase to the Lair.
  8055 | D:8      | Reached XP level 10. HP: 82/82 MP: 12/12
  8081 | D:8      | Found a snail-covered altar of Cheibriados.
  8190 | D:8      | Noticed Pikel
  8207 | D:8      | Killed Pikel
  8207 | D:8      | Reached skill level 9 in Fighting
  8286 | D:8      | Noticed Erica
  8296 | D:8      | Killed Erica
  8296 | D:8      | Reached skill level 5 in Axes
  8353 | D:8      | Found a blossoming altar of Fedhas.
  8687 | D:9      | Noticed Gastronok
  8731 | D:9      | Found Essoim Ysip's Armour Shop.
  8748 | D:8      | HP: 2/83 [orc warrior/war axe (17)]
  9030 | D:9      | Noticed a manticore
  9037 | D:9      | Acquired Makhleb's fifth power
  9046 | D:9      | Killed a manticore
  9046 | D:9      | Reached skill level 5 in Armour
  9268 | D:9      | Killed Gastronok
  9268 | D:9      | Reached skill level 10 in Fighting
  9268 | D:9      | Reached XP level 11. HP: 64/90 MP: 13/13
  9322 | D:9      | Bought the +3 cloak of the Vacuum {MR+} for 449 gold pieces
  9367 | D:9      | Found a staircase to the Orcish Mines.
  9513 | D:10     | Entered Level 10 of the Dungeon
  9610 | D:10     | Noticed a hill giant
  9648 | D:10     | Killed a hill giant
  9710 | D:10     | Noticed a hill giant
  9742 | D:10     | Killed a hill giant
  9852 | D:10     | Noticed Grum
  9915 | D:10     | Killed Grum
 10335 | D:11     | Got a dazzling morningstar
 10337 | D:11     | Identified the +6 morningstar "Jihuoloy" {crush, Str+2} (You found it on level 11 of the Dungeon)
 10361 | D:11     | Reached skill level 1 in Invocations
 10560 | D:11     | Reached skill level 1 in Maces & Flails
 10689 | D:11     | Reached skill level 11 in Fighting
 10771 | D:11     | You fall through a shaft!
 10771 | D:12     | Noticed a hill giant
 10783 | D:12     | Noticed a hill giant
 10784 | D:12     | Killed a hill giant
 10806 | D:12     | Reached skill level 10 in Shields
 10813 | D:12     | Killed a hill giant
 11034 | D:12     | Noticed Snorg
 11109 | D:11     | Noticed a soul eater
 11255 | D:11     | Found Voycwap's Distillery.
 11258 | D:11     | Bought a potion of resistance for 100 gold pieces
 11258 | D:11     | Bought a potion of might for 40 gold pieces
 11258 | D:11     | Bought a potion of heal wounds for 50 gold pieces
 11336 | D:12     | Found a portal to a secret trove of treasure.
 11377 | D:12     | Noticed Sonja
 11427 | D:12     | Gained mutation: You have sharp toenails. [demonic ancestry]
 11427 | D:12     | Reached XP level 12. HP: 72/100 MP: 14/14
 11446 | D:12     | Killed Sonja
 11725 | D:12     | Noticed a hill giant
 11739 | D:12     | Killed a hill giant
 12050 | D:13     | Found a gate to the Vaults.
 12076 | D:13     | Noticed a centaur warrior
 12096 | D:13     | Killed a centaur warrior
 12096 | D:13     | Reached skill level 5 in Invocations
 12242 | D:13     | Reached skill level 12 in Fighting
 12242 | D:13     | Reached skill level 5 in Maces & Flails
 12275 | D:13     | Found Xapehel's Pet Rocks.
 12757 | D:14     | Found Ungiebu's Food Shoppe.
 12879 | D:14     | Gained mutation: You have razor-sharp toenails. [demonic ancestry]
 12879 | D:14     | Reached XP level 13. HP: 109/109 MP: 17/17
 13272 | D:14     | Noticed a seven-headed hydra
 13280 | D:14     | Killed a seven-headed hydra
 13312 | D:14     | Noticed a six-headed hydra
 13320 | D:14     | Killed a six-headed hydra
 13904 | D:15     | Entered Level 15 of the Dungeon
 13904 | D:15     | Noticed Josephine
 13917 | D:15     | Killed Josephine
 14047 | D:15     | Found Sizae's General Store.
 14055 | D:15     | Bought 2 scrolls of identify for 72 gold pieces
 14179 | D:15     | Reached skill level 13 in Fighting
 14221 | D:15     | Killed Snorg
 14718 | D:15     | Found a staircase to the Depths.
 14866 | D:15     | Reached XP level 14. HP: 118/118 MP: 20/20
 15590 | Orc:1    | Entered Level 1 of the Orcish Mines
 15977 | Orc:3    | Noticed Nessos
 16018 | Orc:3    | Killed Nessos
 16350 | Orc:2    | Noticed Erolcha
 16360 | Orc:2    | Killed Erolcha
 16682 | Orc:1    | Found a roughly hewn altar of Beogh.
 17557 | Orc:4    | Entered Level 4 of the Orcish Mines
 17855 | Orc:4    | Found a staircase to the Elven Halls.
 17860 | Orc:4    | Found a roughly hewn altar of Beogh.
 17950 | Orc:4    | Found a roughly hewn altar of Beogh.
 17951 | Orc:4    | Found Lemyxeed's Antique Armour Shoppe.
 17978 | Orc:4    | Bought a spiked troll leather armour for 680 gold pieces
 17989 | Orc:4    | Identified the +2 troll leather armour of the Exiled Suns {+Inv rC- Regen+ Str+4 Dex-4} (You bought it in a shop on level 4 of the Orcish Mines)
 17990 | Orc:4    | Bought an encrusted scale mail for 306 gold pieces
 18001 | Orc:4    | Identified the cursed +1 scale mail of Oghateq {rF+ Int+2} (You bought it in a shop on level 4 of the Orcish Mines)
 18003 | Orc:4    | Bought a pair of glowing gloves for 153 gold pieces
 18038 | Orc:4    | Noticed Saint Roka
 18182 | Orc:4    | Killed Saint Roka
 18182 | Orc:4    | Reached skill level 10 in Invocations
 18189 | Orc:4    | Found a roughly hewn altar of Beogh.
 18438 | Orc:4    | Noticed an orc warlord
 18452 | Orc:4    | Killed an orc warlord
 18497 | Orc:4    | Found Lanwu's Antique Weapon Boutique.
 18498 | Orc:4    | Found a roughly hewn altar of Beogh.
 18571 | Orc:4    | Found a roughly hewn altar of Beogh.
 18650 | Orc:4    | Found Hahiqarch's Antique Armour Shop.
 18734 | Orc:4    | Found a roughly hewn altar of Beogh.
 18745 | Orc:4    | Found Qemy's Food Shoppe.
 18753 | Orc:4    | Bought 2 fruits for 33 gold pieces
 18753 | Orc:4    | Bought 4 fruits for 66 gold pieces
 18755 | Orc:4    | Bought 3 fruits for 49 gold pieces
 18898 | Lair:1   | Entered Level 1 of the Lair of Beasts
 19007 | Lair:1   | Noticed Harold
 19041 | Lair:1   | Killed Harold
 19099 | Lair:1   | Found an ancient bone altar of Kikubaaqudgha.
 19513 | Lair:1   | Noticed Joseph
 19524 | Lair:1   | Killed Joseph
 19560 | Lair:1   | Noticed Nergalle
 19591 | Lair:1   | Killed Nergalle
 20033 | Lair:2   | Noticed Urug
 20048 | Lair:2   | Killed Urug
 20221 | Lair:2   | Noticed Fannar
 20253 | Lair:2   | Killed Fannar
 21369 | Lair:3   | Reached skill level 14 in Invocations
 21375 | Lair:3   | Reached XP level 15. HP: 125/125 MP: 25/25
 21920 | Lair:3   | Found a blossoming altar of Fedhas.
 22264 | Lair:4   | Found a staircase to the Snake Pit.
 22563 | Lair:4   | Found a staircase to the Shoals.
 22957 | Lair:5   | Found a frozen archway.
 22973 | IceCv    | Entered an ice cave
 23108 | IceCv    | Reached skill level 15 in Invocations
 24429 | Lair:5   | Got a polished ring mail
 24666 | Lair:5   | Identified the +4 ring mail of Sunlight {rCorr Str-5 Int+4 Stlth+} (You found it on level 5 of the Lair of Beasts)
 25854 | Lair:7   | Found a staircase to the Slime Pits.
 26073 | Lair:8   | Entered Level 8 of the Lair of Beasts
 26299 | Lair:8   | Reached skill level 16 in Invocations
 26564 | Lair:8   | Reached XP level 16. HP: 119/134 MP: 28/28
 28093 | Shoals:1 | Entered Level 1 of the Shoals
 28581 | Shoals:2 | Found Iwyck's Armour Shoppe.
 28684 | Shoals:3 | Noticed Polyphemus
 28694 | Shoals:2 | Killed Polyphemus
 28823 | Shoals:3 | Reached skill level 17 in Invocations
 28866 | Shoals:4 | Entered Level 4 of the Shoals
 28868 | Shoals:4 | Noticed trantor's ghost (mighty HESk)
 28874 | Shoals:4 | Noticed Jorgrun
 28921 | Shoals:4 | Noticed an Executioner
 28924 | Shoals:4 | HP: 4/134 [Executioner[the player character] (19)]
 28924 | Shoals:4 | Slain by an Executioner

Vault maps used:
D:1:      denvon_arrival_planthouse, st_stairs_11, amethyst_killhole
D:2:      grunt_ministairs_5, roderic_lattice_a, kennysheep_generic_room_10
D:3:      lemuel_coloured_pillars_altar, gammafunk_temple_overflow_pools,
          minmay_box_of_dots, uniq_natasha, uniq_sigmund, uniq_grinder,
          uniq_terence
D:4:      cheibriados_altar_1, serial_shops, nicolae_shop_statue_plus,
          first_bread, nicolae_qazlal_general_emergency
D:5:      old_standard_altar, minmay_temple_entry_large_hall,
          serial_corexii_hall, corexii_hall_statues_i, corexii_hall_statues_i
D:6:      kennysheep_generic_room_2
D:7:      kennysheep_mini, the_bakery
D:8:      kennysheep_mini_moat, minmay_lair_entry_grove, basic_altar,
          st_stairs_8, uniq_pikel, uniq_erica
D:9:      david_orc_3, serial_shops, kennysheep_little_box, uniq_gastronok
D:10:     serial_park_tiny_1, uniq_grum
D:11:     serial_shops, nicolae_shop_behind_doors
D:12:     enter_trove_0, uniq_snorg, uniq_sonja
D:13:     david_vaults_4, guppyfry_shop_earth
D:14:     serial_corexii_hall, corexii_hall_statues_t, corexii_hall_statues_i,
          serial_shops, shop
D:15:     hangedman_depths_entry_civil_slaughter, serial_shops,
          nicolae_shop_stone, fountainhead, uniq_josephine
Lair:1:   wad_woods_stonehenge, uniq_harold, uniq_joseph, uniq_nergalle
Lair:2:   special_room, uniq_fannar, uniq_urug
Lair:3:   grunt_forest_stairs_basic, lemuel_centaur_altar
Lair:4:   minmay_shoals_entry_beasts, dummy_snake_entry, minmay_hedge_maze,
          dpeg_oklob_1
Lair:5:   portal_ice_cave_entry_pillars_03
Lair:7:   minmay_slime_entry_oklob_enclosed
Lair:8:   grunt_lair_end_beastmaster, grunt_megastairs_1,
          infiniplex_staircase_pool_2
Shoals:1: hangedman_shoals_cup_caves
Shoals:2: serial_shops, shop
Shoals:3: uniq_polyphemus
Shoals:4: serial_shops, shop_statue, shoals_end_simple,
          shoals_ilsuiw_alternative, uniq_jorgrun, uniq_donald
Orc:1:    minmay_orc_temple_a
Orc:2:    uniq_erolcha
Orc:3:    nicolae_orc_pool_cavern, uniq_nessos
Orc:4:    grunt_orc_community_town_hall, grunt_orc_community_big_house_2,
          grunt_orc_community_big_house_1, grunt_orc_community_house_3,
          grunt_orc_community_house_2, grunt_orc_community_house_1,
          grunt_orc_community_house_3, grunt_orc_community_house_3,
          uniq_saint_roka
IceCv:    ice_cave_caverns_02

Action                   |  1- 3 |  4- 6 |  7- 9 | 10-12 | 13-15 | 16-18 || total
-------------------------+-------+-------+-------+-------+-------+-------++-------
Melee: Dagger            |   109 |       |       |       |       |       ||   109
       Short sword       |   144 |    68 |       |       |       |       ||   212
       Hand axe          |       |   105 |   386 |   672 |   839 |       ||  2002
       Morningstar       |       |       |       |   191 |   682 |    30 ||   903
       Broad axe         |       |       |       |       |   626 |   344 ||   970
 Fire: Blowgun           |       |       |     2 |    28 |    62 |    15 ||   107
       Hand crossbow     |       |       |     8 |     6 |       |       ||    14
Throw: Tomahawk          |       |       |     3 |       |       |       ||     3
       Throwing net      |       |       |       |       |     1 |       ||     1
Invok: Greater Servant o |       |       |       |       |     4 |     3 ||     7
       Lesser Servant of |       |       |       |       |     1 |       ||     1
Evoke: Wand              |       |       |     7 |    19 |    10 |     2 ||    38
       Stone of tremors  |       |       |       |       |     1 |       ||     1
  Use: Scroll            |     7 |     3 |     9 |     5 |    20 |     2 ||    46
       Potion            |       |     3 |     1 |    12 |     6 |     7 ||    29
 Stab: Sleeping          |     5 |     9 |    15 |    19 |    24 |     2 ||    74
       Distracted        |     1 |       |     2 |     2 |     5 |       ||    10
       Invisible         |       |     2 |       |       |    13 |     3 ||    18
       Petrifying        |       |       |       |       |     2 |     1 ||     3
       Fleeing           |       |       |       |       |     1 |       ||     1
       Held in net/web   |       |       |       |       |     1 |       ||     1
       Petrified         |       |       |       |       |       |     3 ||     3
  Eat: Chunk             |     3 |     5 |    15 |    15 |    25 |     5 ||    68
       Pizza             |     1 |       |       |     2 |     1 |       ||     4
       Royal jelly       |     1 |       |       |       |     8 |       ||     9
       Fruit             |       |       |       |     6 |     9 |       ||    15
       Beef jerky        |       |       |       |       |     5 |       ||     5
       Bread ration      |       |       |       |       |       |     1 ||     1
